 Dungeon Crawl Stone Soup version 0.27.0-1-g7a089689b8 (webtiles) character file.

Game seed: 10494661587638549130

217 Sin92 the Skirmisher (level 5, 0/42 HPs)
             Began as a Demonspawn Fighter on Aug 5, 2021.
             Slain by a hobgoblin (3 damage)
             ... led by Robin
             ... on level 2 of the Dungeon.
             The game lasted 00:01:14 (1686 turns).

Sin92 the Skirmisher (Demonspawn Fighter)           Turns: 1686, Time: 00:01:15

Health: 0/42       AC:  7    Str: 18    XL:     5   Next: 61%
Magic:  5/5        EV:  7    Int:  9    God:
Gold:   41         SH:  9    Dex: 12    Spells: 4/4 levels left

rFire    . . .     SeeInvis .   a - +0 war axe
rCold    . . .     Faith    .   c - +0 kite shield
rNeg     . . .     Spirit   .   b - +0 scale mail
rPois    .         Reflect  .   (helmet restricted)
rElec    .         Harm     .   (no cloak)
rCorr    .         Rampage  .   (no gloves)
Will     .....                  (no boots)
Stlth    ..........             (no amulet)
HPRegen  0.14/turn              (no ring)
MPRegen  0.09/turn              (no ring)

@: mighty, brilliant, hasted, very quick
A: horns 1, sharp scales 1
a: no special abilities


You were on level 2 of the Dungeon.
You visited 1 branch of the dungeon, and saw 2 of its levels.

You collected 41 gold pieces.

Inventory:

Hand Weapons
 a - a +0 war axe (weapon)
Armour
 b - a +0 scale mail (worn)
 c - a +0 kite shield (worn)
Scrolls
 e - a scroll of identify


   Skills:
 + Level 3.8 Fighting
 * Level 3.3 Axes
 + Level 3.4 Armour
 + Level 1.8 Dodging
 + Level 3.3 Shields


You had 4 spell levels left.
You didn't know any spells.
Your spell library was empty.

Dungeon Overview and Level Annotations

Branches:
Dungeon (2/15)

Altars:

Shops:
D:1 (


Innate Abilities, Weirdness & Mutations

You have a pair of small horns on your head.
You are partially covered in razor-sharp scales. (AC +1, Slay +1)


Message History

You are too injured to fight recklessly!
Unknown command.
There are monsters nearby!
You are too injured to fight recklessly!
Unknown command.
You are too injured to fight recklessly!
Unknown command.
There are monsters nearby!
You are too injured to fight recklessly!
Unknown command.
There are monsters nearby!
It was a potion of haste.
You feel yourself speed up.
The hobgoblin no longer looks unusually strong.
You block Robin's attack. The hobgoblin barely misses you.
It was a potion of brilliance.
You feel clever all of a sudden.
The hobgoblin no longer looks unusually strong.
You feel very mighty all of a sudden. Robin hits you with a +0 trident.
* * * LOW HITPOINT WARNING * * *
You block the hobgoblin's attack.
Unknown command.
You closely miss Robin. You slash the hobgoblin!
You kill the hobgoblin!
You block Robin's attack.
Your shield prevents you from hitting Robin.
You completely miss the hobgoblin. You block Robin's attack.
You block the hobgoblin's attack.
You slash Robin! Your headbutt misses Robin.
Robin is severely wounded.
You barely miss the hobgoblin. Robin barely misses you.
You block the hobgoblin's attack. Robin hits you with a +0 trident.
* * * LOW HITPOINT WARNING * * *
Unknown command.
You slash Robin!
You kill Robin!
You slash the hobgoblin!
You kill the hobgoblin!
The hobgoblin hits you.
You die...

#.#
...
#.# ..
#.#
#.#
#.# ..
#.#
#.#
#.#
#..
#.#
#g##.#
#)@#.#
##.#.#
#)).#
##..#
#..#
#..#
..>#
#####


You could see a hobgoblin (strong).

Vanquished Creatures
  Sigmund (D:2)
  Jessica (D:2)
  Robin (D:2)
  2 dart slugs (D:1)
  An endoplasm (D:1)
  2 giant cockroaches (D:1)
  9 goblins
  7 hobgoblins
  A quokka (D:2)
  3 ball pythons (D:1)
  3 bats
  2 frilled lizards (D:1)
  3 kobolds (D:1)
  2 rats (D:1)
38 creatures vanquished.

Notes
Turn   | Place    | Note
-------+----------+-------------------------------------------
     0 | D:1      | Sin92 the Demonspawn Fighter began the quest for the Orb.
     0 | D:1      | Reached XP level 1. HP: 18/18 MP: 1/1
   195 | D:1      | Gained mutation: You have a pair of small horns on your
                  | head. [demonic ancestry]
   195 | D:1      | Reached XP level 2. HP: 24/24 MP: 2/2
   791 | D:1      | Found Vusirgh's Weapon Shoppe.
  1241 | D:2      | Noticed Jessica
  1246 | D:2      | Gained mutation: You are partially covered in razor-sharp
                  | scales. (AC +1, Slay +1) [demonic ancestry]
  1246 | D:2      | Reached XP level 3. HP: 24/29 MP: 3/3
  1247 | D:2      | Killed Jessica
  1248 | D:2      | Reached skill level 1 in Dodging
  1296 | D:2      | Noticed Sigmund
  1310 | D:2      | Killed Sigmund
  1311 | D:2      | Reached XP level 4. HP: 8/37 MP: 4/4
  1311 | D:2      | Reached XP level 5. HP: 9/42 MP: 5/5
  1666 | D:2      | Noticed Robin
  1686 | D:2      | Killed Robin
  1686 | D:2      | Slain by a hobgoblin

Illustrated notes

Levels and vault maps discovered:
D:1:      wander_arrival_lonely_grave, layout_loops_corners, serial_shops, shop,
          grunt_decor_resistance, minmay_pentomino_z2
D:2:      layout_basic, uniq_sigmund, uniq_terence, uniq_jessica, uniq_robin

Skill      XL: |  1  2  3 |
---------------+----------+-----
Axes           | 2 3 |  3.3
Armour         | 3 |  3.4
Dodging        | 1 |  1.8
Shields        | 3 |  3.3
Fighting       | |  3.8

Action                   |  1- 3 |  4- 6 || total
-------------------------+-------+-------++-------
Melee: War axe           |    69 |    16 ||    85
       Headbutt          |     6 |     2 ||     8
  Use: Scroll            |     1 |       ||     1
       Potion            |       |     3 ||     3
Armor: Scale mail        |    28 |    12 ||    40
Dodge: Dodged            |    12 |     6 ||    18
Block: Kite shield       |    39 |    15 ||    54
